Map: Orbital Shipyard

Players

Womec - Winner!

  • Race: Terran Terran
  • League: Platinum

GetAGrip

  • Race: Protoss Protoss
  • League: Platinum

VOD

Have the link to the VOD?

Description

2 Base Bio + Liberator Seige

Time

  • Played on: Oct. 30, 2015, 4:55 a.m.
  • Length: 9:13
Show
View Real Time Build Order
Export as new Build Order

Womec Terran - Winner!

Build Orders: MMM Bio 

Get SALT Encoding   

  12  0:01  SCV  
  13  0:13  SCV  
  14  0:25  Supply Depot, SCV  
  15  0:46  SCV  
  15  0:49  Barracks  
  16  0:58  SCV  
  17  1:10  SCV  
  18  1:24  Command Center  
  18  1:26  SCV  
  18  1:32  Barracks  
  20  1:42  Marine  
  20  1:45  Orbital Command  
  20  1:52  Supply Depot  
  20  2:00  Marine  
  21  2:14  SCV  
  22  2:18  Barracks  
  22  2:20  Marine  
  23  2:26  Refinery  
  23  2:27  Marine  
  23  2:28  Refinery  
  24  2:32  SCV  
  25  2:37  Orbital Command  
  25  2:41  Marine  
  26  2:45  Marine  
  27  2:52  SCV  
  28  2:59  Marine  
  28  3:03  Marine  
  28  3:04  SCV x2  
  32  3:05  Barracks Tech Lab  
  32  3:10  Refinery  
  32  3:16  SCV  
  32  3:17  Marine  
  35  3:20  SCV  
  35  3:21  Engineering Bay  
  35  3:27  Stimpack  
  35  3:28  SCV  
  35  3:32  SCV  
  37  3:35  Supply Depot  
  37  3:39  Barracks Tech Lab  
  37  3:42  SCV  
  37  3:45  SCV  
  39  3:48  Terran Infantry Weapons Level 1  
  39  3:49  Barracks Reactor  
  39  3:55  Missile Turret  
  39  3:57  SCV, Missile Turret  
  39  3:59  Marine  
  41  4:06  SCV  
  41  4:08  Supply Depot  
  42  4:10  Marine  
  42  4:14  SCV  
  44  4:17  Marine  
  44  4:20  Factory  
  44  4:21  SCV  
  44  4:23  Combat Shields  
  46  4:31  Marine x2  
  46  4:33  Marauder  
  46  4:34  SCV  
  46  4:36  SCV  
  52  4:46  Marauder  
  52  4:47  SCV  
  52  4:51  Marine x2  
  57  4:55  SCV, Refinery  
  57  4:56  Marauder  
  60  5:02  SCV  
  60  5:05  Factory Reactor  
  60  5:06  Starport  
  61  5:10  SCV  
  62  5:14  Supply Depot  
  62  5:17  Supply Depot  
  62  5:35  Marine x2  
  62  5:36  Marauder x2  
  62  5:39  Supply Depot  
  62  5:40  Supply Depot  
  68  5:50  Factory Reactor  
  68  5:52  Factory Tech Lab  
  68  5:55  Starport  
  68  6:01  Marauder x2, Medivac x2, Marine x2  
  68  6:03  Supply Depot  
  78  6:06  Supply Depot  
  78  6:08  Supply Depot  
  78  6:23  Marauder, Liberator  
  75  6:34  Viking x2  
  79  6:42  SCV  
  79  6:43  SCV  
  84  6:48  Supply Depot  
  84  6:51  Marauder x2, Marine x2  
  84  6:52  Supply Depot, Liberator x2  
  90  6:55  SCV  
  90  6:56  SCV  
  92  7:07  SCV  
  93  7:09  Marine  
  93  7:13  Marine  
  93  7:14  Marine, Marauder  
  104  7:19  Supply Depot  
  104  7:21  Liberator  
  104  7:26  Marine  
  105  7:35  Liberator  
  105  7:37  Marauder x2  
  109  7:43  Supply Depot  
  112  7:49  Marine  
  112  7:51  Marine  
  113  7:57  SCV, Marine  
  113  7:58  SCV, Marine  
  120  8:00  Supply Depot x2  
  121  8:07  Marine  
  121  8:09  Marine  
  123  8:14  SCV x2  
  123  8:16  Marauder  
  123  8:17  Marine  
  123  8:18  Barracks  
  123  8:19  Barracks  
  128  8:25  Marine  
  129  8:32  Marine  
  130  8:35  SCV x2, Marine  
  130  8:39  Marine  
  134  8:43  Marine  
  135  8:50  Marine  
  135  8:53  Marine  
Show
View Real Time Build Order
Export as new Build Order

GetAGrip Protoss 

Build Orders: 1 Gate Expand, Blink Stalkers 

Get SALT Encoding   

  12  0:01  Probe (Chrono Boost)  
  13  0:12  Probe (Chrono Boost)  
  14  0:20  Pylon  
  14  0:22  Probe (Chrono Boost)  
  15  0:38  Probe (Chrono Boost)  
  15  0:40  Gateway  
  16  0:49  Probe (Chrono Boost)  
  17  0:50  Assimilator  
  17  0:59  Probe (Chrono Boost)  
  18  1:10  Probe (Chrono Boost)  
  19  1:21  Probe (Chrono Boost)  
  20  1:29  Cybernetics Core  
  20  1:31  Probe (Chrono Boost)  
  21  1:36  Nexus  
  21  1:42  Probe (Chrono Boost)  
  21  1:45  Pylon  
  22  1:54  Assimilator  
  22  1:55  Probe (Chrono Boost)  
  23  2:05  Probe (Chrono Boost)  
  24  2:13  Warp Gate (Chrono Boost)  
  24  2:14  Adept  
  26  2:16  Probe (Chrono Boost)  
  27  2:25  Twilight Council  
  27  2:26  Probe (Chrono Boost)  
  29  2:37  Probe (Chrono Boost)  
  29  2:40  Pylon  
  29  2:47  Probe (Chrono Boost)  
  29  2:49  Probe (Chrono Boost)  
  31  2:55  Blink  
  31  2:58  Probe (Chrono Boost)  
  32  3:00  Probe (Chrono Boost)  
  33  3:08  Probe (Chrono Boost)  
  33  3:10  Probe (Chrono Boost)  
  35  3:13  Gateway  
  35  3:15  Gateway  
  35  3:19  Mothership Core (Chrono Boost)  
  37  3:20  Probe (Chrono Boost)  
  37  3:26  Pylon  
  38  3:31  Probe  
  39  3:39  Probe  
  40  3:47  Robotics Facility  
  40  3:50  Probe  
  40  3:53  Probe  
  42  4:03  Probe, Pylon  
  42  4:08  Probe  
  44  4:12  Stalker x2  
  44  4:13  Stalker  
  44  4:15  Probe (Chrono Boost)  
  51  4:20  Probe (Chrono Boost)  
  52  4:26  Probe (Chrono Boost)  
  52  4:28  Pylon  
  52  4:30  Probe (Chrono Boost)  
  54  4:34  Warp Prism  
  56  4:39  Probe (Chrono Boost)  
  56  4:41  Robotics Bay  
  57  4:47  Forge  
  57  4:48  Stalker  
  57  4:49  Assimilator  
  59  4:54  Stalker, Assimilator  
  59  4:57  Probe (Chrono Boost)  
  59  4:58  Probe (Chrono Boost)  
  63  5:02  Stalker  
  63  5:05  Pylon  
  65  5:08  Probe x2 (Chrono Boost)  
  67  5:15  Stalker  
  67  5:18  Probe (Chrono Boost)  
  67  5:19  Probe (Chrono Boost)  
  71  5:30  Probe (Chrono Boost)  
  72  5:41  Probe x2 (Chrono Boost)  
  74  5:48  Adept x3  
  80  5:51  Probe (Chrono Boost), Protoss Ground Armor Level 1  
  80  5:52  Disruptor (Chrono Boost)  
  80  5:56  Probe  
  84  6:03  Probe  
  86  6:08  Nexus  
  86  6:10  Gateway  
  86  6:11  Gateway  
  86  6:14  Gateway  
  86  6:15  Pylon  
  86  6:32  Probe  
  86  6:33  Probe, Disruptor (Chrono Boost)  
  86  6:37  Charge (Chrono Boost)  
  91  6:42  Probe  
  91  6:45  Probe  
  91  6:46  Photon Cannon  
  93  6:47  Photon Cannon  
  93  6:48  Pylon  
  93  6:53  Probe  
  93  7:00  Pylon  
  94  7:05  Probe  
  94  7:06  Probe  
  96  7:11  Pylon x2  
  96  7:14  Pylon  
  96  7:17  Sentry  
  96  7:18  Sentry x2  
  96  7:19  Sentry, Probe  
  96  7:20  Probe x2  
  107  7:32  Disruptor  
  107  7:33  Gateway  
  107  7:35  Gateway, Probe  
  107  7:36  Probe  
  112  7:38  Gateway  
  112  7:40  Assimilator  
  112  7:41  Gateway  
  112  7:42  Sentry  
  112  7:44  Zealot x5  
  116  7:45  Assimilator  
  124  7:59  Probe x2  
  124  8:00  Probe  
  124  8:01  Forge  
  124  8:02  Pylon  
  124  8:03  Pylon  
  129  8:18  Stargate  
  129  8:19  Pylon  
  126  8:21  Zealot x4  
  126  8:22  Zealot x2  
  126  8:23  Photon Cannon  
  138  8:38  Gateway  
  138  8:40  Gateway  
  138  8:50  Templar Archives  
  138  8:52  Adept  
Tags
 
Add a new tag
Caveats
  • Supply blocks, unpowered buildings, or Contaminate may cause inaccurate times.
  • Supply counts are checked every 10 seconds.